 Dungeon Crawl Stone Soup version 0.28.0-53-g5a82cb258f (webtiles) character file.

Game seed: 4623541896042348566

7 tizbic2 the Sneak (level 2, -1/28 HPs)
             Began as a Naga Delver on Aug 2, 2022.
             Slain by an ufetubus (4 damage)
             ... on level 5 of the Dungeon.
             The game lasted 00:01:14 (43 turns).

tizbic2 the Sneak (Naga Delver)                       Turns: 43, Time: 00:01:15

Health: -1/28      AC:  2    Str: 14    XL:     2   Next: 4%
Magic:  2/2        EV:  9    Int: 10    God:
Gold:   12         SH:  0    Dex: 12    Spells: 1/1 levels left

rFire   . . .      SeeInvis +   a - +0 short sword
rCold   . . .      Faith    .   (no shield)
rNeg    . . .      Spirit   .   b - +0 leather armour
rPois   +          Reflect  .   (no helmet)
rElec   .          Harm     .   (no cloak)
rCorr   .          Rampage  .   (no gloves)
Will    .....                   (no barding)
Stlth   +++.......              (no amulet)
HPRegen 0.09/turn               (no ring)
MPRegen 0.08/turn               (no ring)

@: short of breath, very slow
A: AC +0, large, see invisible, deformed body, poison resistance, slowness 2,
spit poison 1, naga tail 1
a: Spit Poison


You were on level 5 of the Dungeon.
You visited 1 branch of the dungeon, and saw 1 of its levels.

You collected 12 gold pieces.

Inventory:

Hand Weapons
 a - a +0 short sword (weapon)
Armour
 b - a +0 leather armour (worn)
Wands
 g - a wand of digging (2)
Scrolls
 c - a scroll of fog
 d - a scroll of magic mapping
 e - a scroll of fear
Potions
 f - a potion of haste


   Skills:
 + Level 3.1 Fighting
 + Level 2.1 Short Blades
 - Level 1.5 Dodging
 * Level 7.5 Stealth


You had one spell level left.
You didn't know any spells.
Your spell library was empty.

Dungeon Overview and Level Annotations

Branches:
Dungeon (5/15)
 Temple: D:4-7

Altars:


Innate Abilities, Weirdness & Mutations

Your serpentine skin is tough. (AC +0)
You have supernaturally acute eyesight. (SInv)
Armour fits poorly on your strangely shaped body.
Your system is resistant to poisons. (rPois)
You cover ground very slowly.
You can spit poison.
You have a snake-like lower body.


Message History

You hit the jackal but do no damage. The jackal bites you.
You closely miss the jackal.
You have got your breath back.
The jackal bites you. x2
Aiming: Spit Poison (3% risk of failure)
Press: ? - help, Q - select action Shift-Dir - straight line, f - jackal
Aim: a jackal (43% to hit)
The splash of poison hits the jackal but does no damage.
The jackal is poisoned.
The jackal barely misses you.
An ufetubus comes into view.
The jackal bites you.
The jackal barks!
The jackal bites you.
You have got your breath back.
The jackal looks more healthy.
The ufetubus closely misses you. The ufetubus hits you. x2
* * * LOW HITPOINT WARNING * * *
The ufetubus misses you. The jackal barely misses you.
Aiming: Spit Poison (3% risk of failure)
Press: ? - help, Q - select action Shift-Dir - straight line, f/p - jackal
Aim: a jackal (heavily wounded, 43% to hit)
The splash of poison hits the jackal.
The jackal is poisoned.
You kill the jackal!
The ufetubus hits you.
* * * LOW HITPOINT WARNING * * *
The ufetubus barely misses you. x2; The ufetubus hits you.
* * * LOW HITPOINT WARNING * * *
You have reached level 2!
Okay, then.
Okay, then.
Aiming: Dig
Press: ? - help, Shift-Dir - straight line A rock wall.
The rock shatters into small pieces.
An orc comes into view. It is wielding a +0 flail.
The ufetubus hits you.
* * * LOW HITPOINT WARNING * * *
The ufetubus hits you.
You die...

# ##. ... #.## #..
#.##.##5# .<.....@#
...#o##h#
........##
...####..# ..# ##.#
####
####.####.####...
............hh...
.....###.####(#.
##..###.####.#.####


You could see an orc, an ufetubus and a jackal.

Vanquished Creatures
  A worm (D:5)
  3 jackals (D:5)
4 creatures vanquished.

Notes
Turn   | Place    | Note
-------+----------+-------------------------------------------
     0 | D:5      | tizbic2 the Naga Delver began the quest for the Orb.
     0 | D:5      | Reached XP level 1. HP: 21/21 MP: 1/1
    43 | D:5      | Reached XP level 2. HP: 5/28 MP: 2/2
    43 | D:5      | Slain by an ufetubus

Illustrated notes

Levels and vault maps discovered:
D:5:      layout_loops_ring, kennysheep_okawaru_gauntlet,
          minmay_temple_entry_enclosed_plants

Action                   || total
-------------------------++-------
Melee: Short sword       ||     6
 Abil: Spit Poison       ||     6
Evoke: Wand              ||     1
Armor: Leather armour    ||     2
Dodge: Dodged            ||     9
